 Dungeon Crawl Stone Soup version 0.29.0-13-gc9e81de378 (webtiles) character file.

Game seed: 1083892791791967603

43 QueenGhuleh the Chopper (level 3, -1/33 HPs)
             Began as a Minotaur Berserker on Sept 8, 2022.
             Was a Follower of Trog.
             Slain by Sigmund
             ... wielding a +0 scythe
              (8 damage)
             ... on level 2 of the Dungeon on Sept 9, 2022.
             The game lasted 00:02:34 (1324 turns).

QueenGhuleh the Chopper (Minotaur Berserker)        Turns: 1324, Time: 00:02:35

Health: -1/33      AC:  2    Str: 29    XL:     3   Next: 37%
Magic:  2/2        EV: 12    Int:  4    God:    Trog [*.....]
Gold:   7          SH:  0    Dex:  9    Spells: 2/2 levels left

rFire   . . .      SeeInvis .   a - +0 hand axe
rCold   . . .      Faith    .   (no shield)
rNeg    . . .      Spirit   .   b - +0 animal skin
rPois   .          Reflect  .   (helmet restricted)
rElec   .          Harm     .   (no cloak)
rCorr   .          Rampage  .   (no gloves)
Will    .....                   (no boots)
Stlth   +.........              (no amulet)
HPRegen 0.11/turn               h - +6 ring of strength
MPRegen 0.08/turn               (no ring)

@: no status effects
A: horns 2, retaliatory headbutt
a: Renounce Religion, Berserk


You were on level 2 of the Dungeon.
You worshipped Trog.
Trog was aware of your devotion.
You visited 1 branch of the dungeon, and saw 2 of its levels.

You collected 7 gold pieces.

Inventory:

Hand Weapons
 a - a +0 hand axe (weapon)
Armour
 b - a +0 animal skin (worn)
Jewellery
 h - a +6 ring of strength (left hand)
Scrolls
 f - a scroll of immolation {unknown}
 i - a scroll of poison {unknown}
 j - a scroll of enchant armour {unknown}
 k - a scroll of identify {unknown}
 l - a scroll of fog {unknown}
Potions
 c - a potion of haste {unknown}
 d - a potion of degeneration {unknown}
 e - 2 potions of brilliance {unknown}
 g - a potion of might {unknown}


   Skills:
 + Level 4.3 Fighting
 + Level 4.4 Axes
 + Level 2.7 Armour
 + Level 2.6 Dodging


You had 2 spell levels left.
You didn't know any spells.
Your spell library was empty.

Dungeon Overview and Level Annotations

Branches:
Dungeon (2/15)

Altars:

Annotations:
D:2 Sigmund


Innate Abilities, Weirdness & Mutations

You have a pair of horns on your head.
You reflexively headbutt those who attack you in melee.


Message History

Found 5 stones.
A hobgoblin comes into view.
A hobgoblin is nearby!
A bat comes into view.
The hobgoblin shouts!
You hear an angry hiss.
The bat barely misses you.
You hit the bat.
You kill the bat!
Trog accepts your kill.
Sigmund and a ball python come into view.
The ball python hisses angrily.
The hobgoblin hits you.
You barely miss the hobgoblin.
The hobgoblin hits you but does no damage.
You hit the hobgoblin but do no damage. The hobgoblin hits you.
You barely miss the hobgoblin. You headbutt the hobgoblin.
You kill the hobgoblin!
Trog accepts your kill.
Sigmund gestures wildly while chanting.
Sigmund flickers and vanishes!
Deactivating autopickup; reactivate with Ctrl-A.
You hit the ball python but do no damage.
You headbutt the ball python.
You kill the ball python!
Trog accepts your kill.
No target in view!
No target in view!
Unknown command.
There is a strange disturbance nearby!
Something hits you. Something hits you.
You hear some strange, mumbled words.
Something tries to affect you, but you resist.
Something hits you but does no damage.
You miss something. Something hits you.
You closely miss something. You hit something. Your headbutt misses something.
Something hits you!
* * * LOW HITPOINT WARNING * * *
You barely miss something. You headbutt something. Something hits you!
You die...

######### #.......#
#.......# ######
#.......# #....#
#.....@.# #....#
#......{# #....#
#.......######....###
+.................+>#
#....(..#####.....#.#
#.......# #.....#.#
#.......# #.#####.#
############ #.# #.#
#..........####.#####'###


There were no monsters in sight!

Vanquished Creatures
  An adder (D:2)
  A worm (D:2)
  5 ball pythons
  3 bats
  3 endoplasms (D:1)
  6 hobgoblins
  2 kobolds (D:1)
  A quokka (D:1)
  3 frilled lizards
  2 goblins (D:1)
  3 rats
30 creatures vanquished.

Notes
Turn   | Place    | Note
-------+----------+-------------------------------------------
     0 | D:1      | QueenGhuleh the Minotaur Berserker began the quest for the
                  | Orb.
     0 | D:1      | Reached XP level 1. HP: 19/19 MP: 0/0
   278 | D:1      | Reached XP level 2. HP: 23/27 MP: 1/1
  1084 | D:2      | Reached XP level 3. HP: 33/33 MP: 2/2
  1310 | D:2      | Noticed Sigmund
  1324 | D:2      | Slain by Sigmund

Illustrated notes

Levels and vault maps discovered:
D:1:      amcnicky_arrival_wind_blow, layout_basic
D:2:      layout_basic, uniq_crazy_yiuf_cottage, uniq_sigmund

Skill      XL: |  1  2 |
---------------+-------+-----
Axes           | 4 |  4.4
Fighting       | 4 |  4.3
Armour         | |  2.7
Dodging        | |  2.6

Action                   || total
-------------------------++-------
Melee: Hand axe          ||    59
       Headbutt          ||    13
Armor: Animal skin       ||    13
Dodge: Dodged            ||    31
